cohdb
Replays
Latest Replays
All Replays
Popular Replays
Top Player Replays
Match Explorer
How It Works
Community
CoH3 Stats
Reddit
Sign in to upload your games and track your stats! →
Sign in with Steam
Match 42498977
Unlisted
Match 42498977
Overview
Messages
Build Orders
End
Kradschützen Motorcycle Team
Selects Panzerjäger Kommand Battlegroup
Selects Mine Fields
Panzergrenadier Squad
Panzergrenadier Squad
Construct Light Support Kompanie
Panzergrenadier Squad
Fire Support Elements
2.5-tonne Medical Truck
Veteran Squad Leaders
Pak 38 Anti-tank Gun Team
Flakvierling Half-track
Selects Tank Busters
Selects Defensive Positions
le.IG 18 Mechanized Group
Forward Retreat Point
Selects Butterfly Bomb Drop
Butterfly Bomb Drop
Construct Panzerarmee Kommand
Losttruppen
Buh-buh-buh-buhhhhh
[SPF] Artanis
Gray
dan legend
Balzeal
0
0
Comments
sign in to comment!
No comments posted yet!